 Dungeon Crawl Stone Soup version 0.25-a0-992-gca090100c3 (webtiles) character file.

Game seed: 4984932757815818781, levelgen mode: deterministic

30 Flugslaktarn the Sneak (level 3, -4/30 HPs)
             Began as a Minotaur Assassin on May 10, 2020.
             Slain by an orc warrior
             ... wielding a cursed -1 scimitar
              (16 damage)
             ... on level 3 of the Dungeon.
             The game lasted 00:00:36 (438 turns).

Flugslaktarn the Sneak (Minotaur Assassin)           Turns: 438, Time: 00:00:36

Health: -4/30      AC:  3    Str: 15    XL:     3   Next: 3%
Magic:  2/2        EV: 12    Int:  8    God:
Gold:   39         SH:  0    Dex: 12    Spells: 2/2 levels left

rFire    . . .     SeeInvis .   h - +2 dagger (venom)
rCold    . . .     Gourm    .   (no shield)
rNeg     . . .     Faith    .   b - +0 robe
rPois    .         Spirit   .   (helmet restricted)
rElec    .         Reflect  .   c - +0 cloak
rCorr    .         Harm     .   (no gloves)
MR       .....                  (no boots)
Stlth    ++........             (no amulet)
HPRegen  0.10/turn              (no ring)
MPRegen  0.08/turn              (no ring)

@: no status effects
A: retaliatory headbutt, horns 2
a: no special abilities


You were on level 3 of the Dungeon.
You were not hungry.

You visited 1 branch of the dungeon, and saw 3 of its levels.

You collected 39 gold pieces.

Inventory:

Hand Weapons
 a - a +2 dagger
 h - a +2 dagger of venom (weapon)
   (You took it off a goblin on level 1 of the Dungeon)
Missiles
 d - 8 poisoned darts (quivered)
 f - 2 curare-tipped darts
Armour
 b - a +0 robe (worn)
 c - a +0 cloak (worn)
Scrolls
 i - a scroll of blinking {unknown}
 j - a scroll of identify {unknown}
Comestibles
 e - a ration
 g - 4 chunks of flesh


   Skills:
 + Level 2.9 Fighting
 * Level 3.0 Short Blades
 - Level 2.0 Throwing
 + Level 1.7 Dodging
 + Level 3.4 Stealth


You had 2 spell levels left.
You didn't know any spells.
Your spell library was empty.

Dungeon Overview and Level Annotations

Branches:
Dungeon (3/15)

Altars:
Fedhas
Kikubaaqudgha


Innate Abilities, Weirdness & Mutations

You reflexively headbutt those who attack you in melee.
You have a pair of horns on your head.


Message History

j - a scroll labeled MUOWNO IPHO An orc and an orc warrior come into view.
There are monsters nearby!
There are monsters nearby!
The orc warrior shouts!
You hear a shout! x4
A frilled lizard comes into view.
The orc shouts!
Found an ancient bone altar of Kikubaaqudgha.
You closely miss the orc warrior.
You headbutt the orc warrior, but do no damage.
The orc warrior hits you with a cursed -1 scimitar!
You barely miss the orc warrior.
An orc wizard comes into view. It is wielding a +0 dagger.
The orc hits you with a +0 club.
The orc warrior hits you with a cursed -1 scimitar.
You hit the orc warrior but do no damage.
The orc barely misses you.
The orc warrior hits you with a cursed -1 scimitar!
Ouch! That really hurt!
You die...

#.## #...
#..##########
########..#.#.......
.......#...#..#
######.#..###.##
######.#.## ##.###
#.......## ##..##
..####...# #..@.#
#.####....# #.##oo#
##.......#.#.. #l...
#.####..###.# ##o###
..####..# ### ..
........# _##
#.#####.# .# #.# ..
#.#


You could see an orc warrior, an orc wizard, an orc and a frilled lizard.

Vanquished Creatures
  An adder (D:2)
  An orc (D:3)
  A ball python (D:1)
  3 bats
  6 hobgoblins (D:1)
  A kobold (D:1)
  A quokka (D:3)
  2 frilled lizards
  A goblin (D:1)
  A rat (D:3)
18 creatures vanquished.

Notes
Turn   | Place    | Note
-------+----------+-------------------------------------------
     0 | D:1      | Flugslaktarn the Minotaur Assassin began the quest for the
                  | Orb.
     0 | D:1      | Reached XP level 1. HP: 18/18 MP: 0/0
    51 | D:1      | Reached XP level 2. HP: 25/25 MP: 1/1
   305 | D:3      | Found a blossoming altar of Fedhas.
   387 | D:3      | Reached XP level 3. HP: 29/30 MP: 2/2
   430 | D:3      | Noticed an orc warrior
   433 | D:3      | Found an ancient bone altar of Kikubaaqudgha.
   438 | D:3      | Slain by an orc warrior

Illustrated notes

Levels and vault maps discovered:
D:1:      minmay_arrival_up_and_down, layout_basic
D:2:      layout_loops_ring, grunt_temple_overflow_open, uniq_robin
D:3:      layout_loops_ring, lemuel_crystal_altar,
          nicolae_overflow_hidden_temple, overflow_temple_1_default

Skill      XL: |  1  2 |
---------------+-------+-----
Short Blades   | 3 |  3.0
Fighting       | |  2.9
Throwing       | |  2.0
Dodging        | |  1.7
Stealth        | |  3.4

Action                   || total
-------------------------++-------
Melee: Dagger            ||    45
       Headbutt          ||     7
 Stab: Sleeping          ||     2
Armor: Robe              ||     6
Dodge: Dodged            ||    33

Table legend:
 A = Non-vault XP
 B = Vault XP
 C = Vault XP percentage of total XP
 D = Non-vault monster count
 E = Vault monster count
 F = Vault count percentage of total count
                 A         B        C        D         E       F
            +---------+---------+-------+---------+---------+-------
      Total |      43 |       0 |   0.0 |      18 |       0 |   0.0
            +---------+---------+-------+---------+---------+-------
        D:1 |      21 |       0 |   0.0 |      11 |       0 |   0.0
        D:2 |      15 |       0 |   0.0 |       3 |       0 |   0.0
        D:3 |       7 |       0 |   0.0 |       4 |       0 |   0.0
            +---------+---------+-------+---------+---------+-------
